 Seeded DCSS version 0.29.1-15-g9cfb28693d (webtiles) character file.

Game seed: 12947039438745426135 (custom seed)

112298 Psyclone the Eclecticist (level 16, -3/148 HPs)
             Began as an Octopode Venom Mage on Sept 20, 2023.
             Was an Initiate of Gozag.
             Slain by a skeletal warrior
             ... wielding a +1 short sword
              (11 damage)
             ... on level 15 of the Dungeon.
             The game lasted 01:55:28 (38242 turns).

Psyclone the Eclecticist (Octopode Venom Mage)     Turns: 38242, Time: 01:55:29

Health: -3/148     AC: 30    Str: 11    XL:     16   Next: 60%
Magic:  6/36       EV: 21    Int: 46    God:    Gozag
Gold:   2195       SH: 13    Dex: 19    Spells: 7/47 levels left

rFire   + + .      SeeInvis .   b - +5 spear of Resourcefulness {speed, Dex+3}
rCold   + + +      Faith    .   Z - +2 shield of Resistance {rF++ rC++ Will++}
rNeg    + + +      Spirit   .   (helmet restricted)
rPois   ∞          Reflect  .   (no amulet)
rElec   +          Harm     .   u - ring "Xesoecapt" {rC+ rN+ Str-2 Int+9 Dex+3}
rCorr   +          Rampage  .   z - +4 ring of slaying
Will    +++..                   A - +3 ring of intelligence
Stlth   +++.......              G - ring of Damiesh {rPois rN+ Str+6}
HPRegen 0.34/turn               M - ring of wizardry
MPRegen 0.25/turn               V - ring "Vualiam" {rPois rCorr MP-9 Int+9}
                                P - ring of positive energy
                                Q - ring of magical power

@: statue-form, gold aura, studying Unarmed Combat, very slow
A: slow and powerful, torment resistance 1, boosted hp, almost no armour,
amphibious, 8 rings, camouflage 1, (gelatinous body 1), (nimble swimmer 1),
tentacles
a: End Transformation, Renounce Religion, Potion Petition, Call Merchant, Bribe
Branch


You were on level 15 of the Dungeon.
You worshipped Gozag.
Gozag was most pleased with you.
You were a living statue of rough stone.
You visited 4 branches of the dungeon, and saw 23 of its levels.
You also visited: Sewer, Bailey and Ice Cave.

You collected 10279 gold pieces.
You spent 4574 gold pieces at shops.
You paid 3510 gold pieces to Gozag.

Inventory:

Hand Weapons
 b - the +5 spear of Resourcefulness (weapon) {speed, Dex+3}
   (You found it on level 1 of the Dungeon)

   Attacks with this weapon are significantly faster.
   Dex:       It affects your dexterity (+3).
Missiles
 S - 2 throwing nets {!f}
Armour
 Z - the +2 shield of Resistance (worn) {rF++ rC++ Will++}
   (You bought it in a shop on level 4 of the Lair of Beasts)

   rF:        It greatly protects you from fire.
   rC:        It greatly protects you from cold.
   Will:      It greatly increases your willpower.
Magical Staves
 h - a staff of conjuration
Jewellery
 o - a ring of resist corrosion
 u - the ring "Xesoecapt" (left tentacle) {rC+ rN+ Str-2 Int+9 Dex+3}
   (You bought it in a shop on level 1 of the Dungeon)

   [ring of protection from cold]

   Str:       It affects your strength (-2).
   Int:       It affects your intelligence (+9).
   Dex:       It affects your dexterity (+3).
   rC:        It protects you from cold.
   rN:        It protects you from negative energy.
 z - a +4 ring of slaying (right tentacle)
 A - a +3 ring of intelligence (on tentacle)
 B - the ring "Xiryr" {rC+ rN+ Str+5 Stlth+}
   (You found it in an ice cave)

   [ring of protection from cold]

   Str:       It affects your strength (+5).
   rC:        It protects you from cold.
   rN:        It protects you from negative energy.
   Stlth:     It makes you more stealthy.
 G - the ring of Damiesh (on tentacle) {rPois rN+ Str+6}
   (You acquired it in a bailey)

   [ring of strength]

   Str:       It affects your strength (+6).
   rPois:     It protects you from poison.
   rN:        It protects you from negative energy.
 K - the ring of Xubuzaq {Fire Will+}
   (You found it in an ice cave)

   [ring of fire]

   It enhances your fire magic.
   rF:        It protects you from fire.
   rC:        It makes you vulnerable to cold.
   Will:      It increases your willpower.
 M - a ring of wizardry (on tentacle)
 O - a ring of magical power
 P - a ring of positive energy (on tentacle)
 Q - a ring of magical power (on tentacle)
 T - a ring of see invisible
 V - the ring "Vualiam" (on tentacle) {rPois rCorr MP-9 Int+9}
   (You bought it in a shop on level 9 of the Dungeon)

   [ring of poison resistance]

   Int:       It affects your intelligence (+9).
   rPois:     It protects you from poison.
   MP:        It affects your magic capacity (-9).
   rCorr:     It protects you from acid and corrosion.
Wands
 j - a wand of light (6)
 x - a wand of flame (43)
 H - a wand of digging (3)
 I - a wand of iceblast (12)
 J - a wand of polymorph (18)
Scrolls
 c - 4 scrolls of blinking
 d - 2 scrolls of brand weapon
 e - 2 scrolls of identify {@r1}
 n - a scroll of immolation
 p - 2 scrolls of teleportation
 r - 3 scrolls of poison
 s - 3 scrolls of enchant weapon
 t - a scroll of torment
 w - 3 scrolls of vulnerability
 y - 6 scrolls of magic mapping
 C - 10 scrolls of enchant armour
 E - 4 scrolls of butterflies
 N - a scroll of amnesia
 R - 2 scrolls of fear
Potions
 a - 2 potions of magic
 f - 7 potions of brilliance {unknown}
 g - 3 potions of might
 i - 2 potions of cancellation {unknown}
 k - a potion of ambrosia
 l - 7 potions of degeneration {unknown}
 m - 7 potions of lignification {unknown}
 q - a potion of resistance
 v - 10 potions of curing
 D - 2 potions of haste
 F - 2 potions of invisibility
 L - 2 potions of mutation
 U - 2 potions of flight
 W - a potion of berserk rage
 X - 2 potions of attraction
 Y - a potion of heal wounds


   Skills:
 - Level 12.0 Fighting
 - Level 15.0 Dodging
 - Level 2.6 Stealth
 - Level 8.0 Shields
 + Level 16.3 Spellcasting
 - Level 8.0 Transmutations
 - Level 8.0 Fire Magic
 - Level 8.0 Earth Magic
 - Level 8.0 Poison Magic


You had 7 spell levels left.
You knew the following spells:

 Your Spells              Type           Power      Damage    Failure   Level
a - Poisonous Vapours     Pois/Air       100%       N/A       1%          2
b - Statue Form           Tmut/Erth      56%        N/A       3%          6
c - Conjure Flame         Conj/Fire      65%        6-21      1%          3
d - Mephitic Cloud        Conj/Pois/Air  58%        N/A       1%          3
e - Inner Flame           Hex/Fire       65%        N/A       1%          3
f - Flame Wave            Conj/Fire      65%        2d15      1%          4
g - Fireball              Conj/Fire      32%        3d14      3%          5
h - Eringya's Noxious Bo  Tmut/Pois      42%        N/A       3%          6
s - Ignite Poison         Fire/Tmut/Pois 84%        N/A       1%          3
v - Sting                 Tmut/Pois      100%       1d8       1%          1
x - Olgreb's Toxic Radia  Pois           84%        N/A       1%          4

Your spell library contained the following spells:

 Spells                   Type           Power      Damage    Failure   Level
 Foxfire                  Conj/Fire      100%       2x1d9     1%          1
 Necrotise                Necr           100%       1d9       1%          1
 Sandblast                Erth           100%       2d20      1%          1
 Shock                    Conj/Air       100%       1d9       1%          1
 Passwall                 Tmut/Erth      70%        N/A       1%          2
 Static Discharge         Conj/Air       37%        3-8/arc   1%          2
 Stone Arrow              Conj/Erth      100%       3d13      1%          3
 Swiftness                Air            37%        N/A       1%          3
 Ice Form                 Ice/Tmut       65%        N/A       1%          4
 Leda's Liquefaction      Hex/Erth       32%        N/A       1%          4
 Petrify                  Tmut/Erth      84%        N/A       1%          4
 Sticky Flame             Conj/Fire      65%        2d8       1%          4
 Lee's Rapid Deconstruct  Erth           42%        3d21*     1%          5
 Borgnjor's Vile Clutch   Necr/Erth      32%        N/A       3%          5
 Airstrike                Air            18%        2d(3-19)  6%          4
 Anguish                  Hex/Necr       18%        N/A       6%          4
 Cause Fear               Hex            18%        N/A       6%          4
 Dispel Undead            Necr           37%        3d15      6%          4
 Hailstorm                Conj/Ice       37%        3d9       6%          4
 Summon Ice Beast         Ice/Summ       37%        N/A       6%          4
 Freezing Cloud           Conj/Ice/Air   18%        6-21      16%         5
 Metabolic Englaciation   Hex/Ice        18%        N/A       16%         5
 Summon Mana Viper        Hex/Summ       37%        N/A       16%         5
 Starburst                Conj/Fire      32%        6d10      17%         6
 Death Channel            Necr           18%        N/A       63%         6
 Monstrous Menagerie      Summ           18%        N/A       99%         7
 Ignition                 Fire           42%        3d12      78%         8
 Discord                  Hex            18%        N/A       100%        8
 Animate Dead             Necr           Unusable   N/A       N/A         4
 Simulacrum               Ice/Necr       Unusable   N/A       N/A         6

Dungeon Overview and Level Annotations

Branches:
Dungeon (15/15) Zot: 26882  Temple (1/1) D:4 Zot: 5983    Lair (5/5) D:11 Zot: 18529
  Swamp (0/4) Lair:3        Snake (0/4) Lair:3        Slime (0/5) Lair:5
    Orc (2/2) D:10 Zot: 9840     Elf (0/3) Orc:2        Vaults (0/5) D:13
  Sewer (visited)          Bailey (visited)           IceCv (visited)
 Depths: D:15

Altars:
Ashenzari
Cheibriados
Dithmenos
Elyvilon
Fedhas
Gozag
Hepliaklqana
Kikubaaqudgha
Makhleb
Nemelex Xobeh
Okawaru
Qazlal
Ru
Sif Muna
Trog
Uskayaw
Vehumet
Wu Jian
Xom
Yredelemnul
Zin
The Shining One

Shops:
D:1 =   D:2 :   D:3 *   D:9 =   D:10 ==?   D:15 [   Orc:1 **   Orc:2 :*[:
Lair:4 *


Innate Abilities, Weirdness & Mutations

You are a living statue of rough stone.
Your actions are slow, but your melee attacks are powerful.
You are resistant to unholy torment.
Your maximum health is greatly increased.
You are immune to poison.
You cannot wear most types of armour.
You are amphibious.
You can wear up to eight rings at the same time.
Your skin changes colour to match your surroundings (Stealth+).
((Your rubbery body absorbs attacks. (AC +1, EV +1)))
((You are camouflaged when in or above water. (Stealth+)))
You have tentacles for arms and can constrict up to eight enemies at once.


Message History

Poisonous vapours surround Jorgrun!
Jorgrun is poisoned.
Jorgrun says, "Yer just na down-ta-earth enough."
The grasping roots constrict you!
* * * LOW HITPOINT WARNING * * *
The grasping roots constrict you.
* * * LOW HITPOINT WARNING * * *
You take 21 damage, and have 21/148 hp.
You now have 13/36 mp.
Casting: Poisonous Vapours (safe; 1% risk of failure)
Confirm with . or Enter, or press ? or * to list all spells.
You ignite the poison in your surroundings!
Jorgrun seems to burn from within!!
Jorgrun is almost dead.
Jorgrun casts a spell at you. You block the iron shot.
The grasping roots constrict you!
* * * LOW HITPOINT WARNING * * *
You take 8 damage, and have 13/148 hp.
You now have 10/36 mp.
Casting: Ignite Poison (safe; 1% risk of failure)
Confirm with . or Enter, or press ? or * to list all spells.
Aiming: Poisonous Vapours (safe; 1% risk of failure)
Press: ? - help, Dir - move target, f/p - Jorgrun
Aim: Jorgrun, wielding a staff of earth and wearing a +0 robe (almost dead) Poisonous vapours surround Jorgrun!
Jorgrun is poisoned.
Jorgrun hits you but does no damage. The grasping roots constrict you.
The skeletal warrior hits you but does no damage.
You block the skeletal warrior's attack.
You block Jorgrun's attack. The grasping roots constrict you.
* * * LOW HITPOINT WARNING * * *
You block the skeletal warrior's attack.
The grasping roots release their grip on you.
You take 5 damage, and have 8/148 hp.
You now have 8/36 mp.
Casting: Poisonous Vapours (safe; 1% risk of failure)
Confirm with . or Enter, or press ? or * to list all spells.
You ignite the poison in your surroundings!
Jorgrun seems to burn from within!!!
You kill Jorgrun!
You block the skeletal warrior's attack.
The skeletal warrior misses you.
The skeletal warrior hits you with a +1 short sword!
You die...
Your body crumbles into a pile of gold.

.. #### #.......# ... ..#
###.#####.# .. #.#
#........<#
#.##.###.#.#####∩# #
#.......)....###.# #.
####.###.#.#..##.#
#..+####.# #.#.#...#.#
##...z....# #<#.......#
#....$8#### #.####.##.#
#.....zz.# #..###.##.#
...........# #.........#
...........+.............
##.?.......####...##.####
#........## #......#
#.#.....## #.######
#.##...## #.# # ##+## #.#


You could see 3 skeletal warriors.

Vanquished Creatures
  Jorgrun (D:15)
  Frances (D:12)
  2 azure jellies (IceCv)
  An orc warlord (Bailey)
  A quicksilver ooze (IceCv)
  The ghost of Xiemaice the Destroyer, a journeyman DrFE of Vehumet (Lair:3)
  Nessos (Lair:4)
  A minotaur (Lair:3)
  Snorg (D:13)
  Josephine (Lair:3)
  A fire dragon (Lair:5)
  6 hydras
  4 vault guards (D:13)
  Harold (D:11)
  4 boulder beetles
  A catoblepas (Lair:5)
  2 two-headed ogres
  4 centaur warriors
  Erica (D:9)
  3 orc high priests (Orc:2)
  Nergalle (D:11)
  24 slime creatures
  14 death yaks
  Amaemon (D:8)
  A fire crab (Lair:5)
  2 skeletal warriors (D:15)
  Lodul (D:10)
  2 wizards
  8 orc knights
  A bog body (Lair:3)
  8 orc sorcerers
  A deep elf pyromancer (D:13)
  4 cyclopes
  An oklob plant (Lair:4)
  7 ugly things
  2 manticores (D:11)
  15 elephants
  An orange demon (D:8)
  9 black mambas
  A gargoyle (D:13)
  3 molten gargoyles
  A torpor snail (Lair:2)
  15 cane toads
  2 ice statues (IceCv)
  An unseen horror (D:11)
  An efreet (D:11)
  Maggie (D:9)
  3 kobold demonologists (D:14)
  2 rime drakes
  11 komodo dragons
  A yaktaur (D:13)
  12 polar bears
  3 trolls
  A queen bee (Lair:2)
  A hornet (shapeshifter) (D:13)
  2 hornets (Lair:2)
  4 blink frogs (Lair:5)
  Grinder (D:5)
  14 dream sheep (Lair:5)
  3 shadows
  60 yaks
  11 wyverns
  3 vampires
  6 wraiths
  A yak (shapeshifter) (D:14)
  A human (D:13)
  9 basilisks
  2 steam dragons
  6 vampire mosquitoes
  Edmund (D:5)
  4 nagas (Lair:3)
  3 wargs
  4 hell hounds (Lair:5)
  2 acid dragons
  4 swamp worms (Lair:3)
  17 water moccasins
  32 orc warriors
  An ice beast (D:7)
  2 great orb of eyes simulacra (IceCv)
  2 sky beasts (D:7)
  7 centaurs
  11 wolves
  16 ogres
  3 slime creature simulacra (IceCv)
  4 kobold brigands
  12 bullfrogs
  4 glowing shapeshifter simulacra (IceCv)
  2 necrophages
  A two-headed ogre simulacrum (D:13)
  8 wights (D:8)
  21 killer bees
  2 elephant simulacra (D:13)
  An electric eel (Lair:3)
  9 howler monkeys
  4 lava snakes (Lair:5)
  2 hounds
  3 jellies
  4 iguanas
  12 orc priests
  Natasha (thrice) (D:3)
  18 orc wizards
  A hell rat (Sewer)
  A wolf simulacrum (D:13)
  4 shapeshifter simulacra (IceCv)
  A troll simulacrum (D:13)
  10 gnolls (Bailey)
  14 adders
  3 naga simulacra (D:13)
  2 river rats (Sewer)
  A white imp (D:5)
  An ufetubus (D:6)
  2 dart slugs
  76 orcs
  10 ball pythons
  5 bats
  3 endoplasms
  8 giant cockroaches
  22 goblins
  13 hobgoblins
  8 jackals
  3 quokkas
  2 frilled lizards (D:2)
  24 kobolds
  11 rats
767 creatures vanquished.

Vanquished Creatures (collateral kills)
  The ghost of Chadd the Protected, a journeyman MiBe of Trog (Lair:2)
  A killer bee (Lair:2)
2 creatures vanquished.

Vanquished Creatures (others)
  A molten gargoyle (Lair:5)
  A bush (D:11)
  43 fungi
  53 plants
98 creatures vanquished.

Grand Total: 867 creatures vanquished

Notes
Turn   | Place    | Note
-------+----------+-------------------------------------------
     0 | D:1      | Psyclone the Octopode Venom Mage began the quest for the
                  | Orb.
     0 | D:1      | Reached XP level 1. HP: 11/11 MP: 3/3
   125 | D:1      | Found a faded altar of an unknown god.
   130 | D:1      | Identified the +5 spear of Resourcefulness {speed, Dex+3}
   379 | D:1      | Reached XP level 2. HP: 17/17 MP: 5/5
   463 | D:3      | Learned a level 2 spell: Poisonous Vapours
   535 | D:4      | Found a staircase to the Ecumenical Temple.
   541 | Temple   | Entered the Ecumenical Temple
   552 | Temple   | Became a worshipper of Gozag Ym Sagoz the Greedy
   897 | D:1      | Reached skill level 5 in Poison Magic
   897 | D:1      | Reached XP level 3. HP: 21/21 MP: 1/6
   986 | D:1      | Found Dunosm's One-of-a-Kind Rings.
  1867 | D:2      | Reached XP level 4. HP: 21/27 MP: 1/7
  2056 | D:2      | Found Jetott's Book Shop.
  2927 | D:3      | Found Pidug's Assorted Antiques.
  3031 | D:3      | Reached skill level 3 in Spellcasting
  3031 | D:3      | Reached XP level 5. HP: 31/31 MP: 9/9
  3174 | D:3      | Noticed Natasha
  3180 | D:3      | Killed Natasha
  5796 | D:3      | Noticed Natasha
  5802 | D:3      | Killed Natasha
  6425 | D:3      | Noticed Natasha
  6432 | D:3      | Killed Natasha
  6433 | D:3      | Reached skill level 4 in Spellcasting
  6721 | D:4      | Reached XP level 6. HP: 36/36 MP: 9/12
  6942 | D:5      | Entered Level 5 of the Dungeon
  7257 | D:5      | Noticed Grinder
  7356 | D:5      | Reached skill level 5 in Spellcasting
  7587 | D:5      | Reached XP level 7. HP: 41/41 MP: 6/15
  7657 | D:5      | Learned a level 4 spell: Olgreb's Toxic Radiance
  7661 | D:5      | Learned a level 3 spell: Mephitic Cloud
  7675 | D:5      | Learned a level 3 spell: Conjure Flame
  7743 | D:5      | Paralysed by Grinder for 3 turns
  7750 | D:5      | Killed Grinder
  7751 | D:5      | Reached skill level 1 in Fighting
  7751 | D:5      | Reached skill level 6 in Spellcasting
  7751 | D:5      | Reached skill level 1 in Fire Magic
  7945 | D:5      | Noticed Edmund
  8622 | D:1      | Bought the ring "Xesoecapt" {rC+ rN+ Str-2 Int+9 Dex+3} for
                  | 743 gold pieces
  9159 | D:5      | Killed Edmund
  9160 | D:5      | Reached XP level 8. HP: 47/51 MP: 13/17
  9473 | D:6      | Found an ancient bone altar of Kikubaaqudgha.
  9473 | D:6      | Found a shadowy altar of Dithmenos.
  9476 | D:6      | Found a stormy altar of Qazlal.
  9487 | D:6      | Found a glowing drain.
  9507 | Sewer    | Entered a sewer
 10003 | D:6      | Identified the +2 pair of gloves of the Iron Devil {*Slow
                  | Regen+ Int+3 Stlth+}
 10058 | D:6      | Reached skill level 5 in Dodging
 10220 | D:6      | Found a bloodstained altar of Trog.
 10220 | D:6      | Found a snail-covered altar of Cheibriados.
 10489 | D:7      | Reached skill level 5 in Fighting
 10496 | D:7      | Identified a scroll of acquirement
 10496 | D:7      | Acquired Sif Muna's Grimoire of Venin and Misery
 10504 | D:7      | Learned a level 3 spell: Ignite Poison
 10562 | D:7      | Reached XP level 9. HP: 61/61 MP: 10/18
 11775 | D:1      | Bought a +3 ring of intelligence for 130 gold pieces
 12000 | D:8      | Reached skill level 5 in Transmutations
 12096 | D:8      | Found a flagged portal.
 12119 | Bailey   | Entered a bailey
 12190 | Bailey   | Reached skill level 5 in Fire Magic
 12193 | Bailey   | Reached XP level 10. HP: 61/68 MP: 5/19
 12466 | Bailey   | Noticed an orc knight
 12466 | Bailey   | Noticed an orc warlord
 12473 | Bailey   | Killed an orc warlord
 12473 | Bailey   | Killed an orc knight
 12926 | Bailey   | Acquired the ring of Damiesh {rPois rN+ Str+6}
 13493 | D:8      | Noticed a centaur warrior
 13505 | D:8      | Killed a centaur warrior
 13506 | D:8      | Reached skill level 7 in Spellcasting
 13522 | D:8      | Reached XP level 11. HP: 34/74 MP: 17/21
 13818 | D:8      | Identified the +2 plate armour of the Jocular God {rF+}
 13875 | D:8      | Noticed Amaemon
 14344 | D:8      | Killed Amaemon
 15271 | D:9      | Noticed Erica
 15274 | D:9      | Killed Erica
 15706 | D:9      | Found a hide-covered altar of Uskayaw.
 15706 | D:9      | Found a hazy altar of Hepliaklqana.
 15706 | D:9      | Noticed Maggie
 15711 | D:9      | Killed Maggie
 15712 | D:9      | Reached skill level 8 in Spellcasting
 16101 | D:9      | Found Marueris's Jewellery Boutique.
 16106 | D:9      | Bought a ring of wizardry for 420 gold pieces
 16209 | D:10     | Entered Level 10 of the Dungeon
 16768 | D:10     | Found a staircase to the Orcish Mines.
 16770 | D:10     | Noticed an orc knight
 16776 | D:10     | Killed an orc knight
 17165 | D:10     | Noticed a brown ugly thing
 17168 | D:10     | Reached XP level 12. HP: 15/82 MP: 3/24
 17568 | D:10     | Noticed Lodul
 17571 | D:10     | Killed Lodul
 17572 | D:10     | Reached skill level 9 in Spellcasting
 18237 | D:11     | Reached skill level 10 in Spellcasting
 18467 | D:11     | Found a staircase to the Lair.
 18647 | D:11     | Noticed Nergalle
 18658 | D:11     | Killed Nergalle
 19174 | D:11     | Noticed Harold
 19180 | D:11     | Killed Harold
 20240 | Orc:1    | Entered Level 1 of the Orcish Mines
 20240 | Orc:1    | Noticed a two-headed ogre
 20244 | Orc:1    | Killed a two-headed ogre
 20245 | Orc:1    | Reached skill level 11 in Spellcasting
 20286 | Orc:1    | Found Jisont's General Store.
 20301 | Orc:1    | Bought a ring of see invisible for 240 gold pieces
 20560 | Orc:2    | Entered Level 2 of the Orcish Mines
 20719 | Orc:2    | Found a staircase to the Elven Halls.
 20865 | Orc:1    | Reached skill level 12 in Spellcasting
 20960 | Orc:1    | Found Zilur's CLEARANCE SALE!.
 20979 | Orc:1    | Bought a potion of heal wounds for 25 gold pieces
 21540 | Orc:2    | Reached XP level 13. HP: 88/88 MP: 27/29
 21936 | Orc:2    | Found Ozyw's General Store.
 21941 | Orc:2    | Reached skill level 13 in Spellcasting
 22074 | Orc:2    | Reached skill level 14 in Spellcasting
 22232 | Orc:2    | Found Wynergh's Book Shoppe.
 22242 | Orc:2    | Found Ruh War's Armour Shoppe.
 22248 | Orc:2    | Found Golimeoq's Book Boutique.
 22299 | Orc:2    | Bought a book of Sloth for 504 gold pieces
 22306 | Orc:2    | Learned a level 6 spell: Statue Form
 22466 | Lair:1   | Entered Level 1 of the Lair of Beasts
 22683 | Lair:1   | Reached skill level 1 in Earth Magic
 22736 | Lair:1   | You fall into a shaft and drop 1 floor!
 22832 | Lair:2   | Noticed Chadd's ghost (journeyman MiBe)
 23566 | Lair:1   | Learned a level 3 spell: Inner Flame
 23571 | Lair:1   | Learned a level 4 spell: Flame Wave
 23577 | Lair:1   | Learned a level 5 spell: Fireball
 24089 | Lair:1   | Reached skill level 5 in Earth Magic
 24564 | D:9      | Bought the ring "Vualiam" {rPois rCorr MP-9 Int+9} for 456
                  | gold pieces
 24739 | D:2      | Bought the Folio of the Spider for 200 gold pieces
 24746 | D:2      | Learned a level 6 spell: Eringya's Noxious Bog
 25461 | Lair:2   | Found a transporter.
 25463 | Lair:2   | Found a transporter.
 25470 | Lair:2   | Reached XP level 14. HP: 78/94 MP: 21/32
 25834 | Lair:2   | Killed Chadd's ghost
 26380 | Lair:3   | Noticed Josephine
 26384 | Lair:3   | Killed Josephine
 26385 | Lair:3   | Reached skill level 15 in Spellcasting
 26768 | Lair:3   | Found a runed translucent gate.
 26768 | Lair:3   | Found a runed translucent gate.
 26769 | Lair:3   | Found a runed translucent gate.
 26774 | Lair:3   | Noticed Xiemaice's ghost (journeyman DrFE)
 26997 | Lair:3   | Found a staircase to the Swamp.
 27364 | Lair:3   | Reached skill level 10 in Dodging
 28123 | Lair:3   | Found a staircase to the Snake Pit.
 28867 | Lair:3   | Killed Xiemaice's ghost
 29290 | Lair:4   | Identified the +4 rapier of Myezaliu {flame, rF+ rCorr
                  | Int-4 Dex+2}
 29298 | Lair:4   | Bought a fizzy silvery potion for 23 gold pieces
 29416 | Lair:4   | Acquired 792 gold pieces
 29812 | Lair:4   | Noticed Nessos
 29815 | Lair:4   | Killed Nessos
 30441 | Lair:4   | Reached XP level 15. HP: 81/99 MP: 3/34
 30713 | Lair:5   | Entered Level 5 of the Lair of Beasts
 30722 | Lair:5   | Reached skill level 15 in Dodging
 31228 | Lair:4   | Bought the +2 shield of Resistance {rF++ rC++ Will++} for
                  | 1833 gold pieces
 31228 | Lair:4   | Found the +2 shield of Resistance {rF++ rC++ Will++}
 31283 | Lair:5   | Reached skill level 1 in Shields
 32066 | Lair:5   | Reached skill level 5 in Shields
 32605 | Lair:5   | Found a large runed translucent door.
 32605 | Lair:5   | Found a large runed translucent door.
 33247 | Lair:5   | Found a staircase to the Slime Pits.
 34317 | D:12     | Identified the +8 trident of Indomitability {vorpal, rCorr
                  | Str-3 Dex+4}
 34447 | D:12     | Noticed Frances
 34453 | D:12     | Killed Frances
 34694 | D:12     | Reached skill level 10 in Fighting
 35162 | D:13     | Noticed Snorg
 35173 | D:13     | Killed Snorg
 35189 | D:13     | Reached XP level 16. HP: 106/111 MP: 27/35
 35282 | D:13     | Found a frozen archway.
 35338 | IceCv    | Entered an ice cave
 36021 | IceCv    | Identified the ring of Xubuzaq {Fire Will+}
 36302 | IceCv    | Found a viscous altar of Jiyva.
 36302 | IceCv    | Noticed an azure jelly
 36306 | IceCv    | Noticed an azure jelly
 36310 | IceCv    | Killed an azure jelly
 36313 | IceCv    | Killed an azure jelly
 36375 | IceCv    | Identified the amulet of Fompink {Faith Rampage rCorr Str+4
                  | Int+4}
 36392 | IceCv    | Got the ring "Xiryr" {rC+ rN+ Str+5 Stlth+}
 36970 | D:13     | Found a gate to the Vaults.
 37564 | D:14     | Reached skill level 16 in Spellcasting
 38161 | D:15     | Entered Level 15 of the Dungeon
 38191 | D:15     | Found Huxt's Antique Armour Emporium.
 38233 | D:15     | Noticed Jorgrun
 38242 | D:15     | Killed Jorgrun
 38242 | D:15     | Slain by a skeletal warrior

Illustrated notes

Levels and vault maps discovered:
D:1:      kennysheep_arrival_forest, layout_rooms,
          hellmonk_ecumenical_altar_lost_god, nicolae_shop_unique_rings,
          serial_bayou_ford_a
D:2:      layout_basic, serial_shops, nicolae_shop_trees
D:3:      kennysheep_big_flooded_room, layout_loops_ring, serial_shops,
          nicolae_lakefront_shop, uniq_natasha
D:4:      layout_rooms, minmay_temple_entry_fiery
D:5:      layout_loops_ring, uniq_grinder, uniq_edmund
D:6:      layout_rooms, nicolae_overflow_hidden_temple, portal_sewer_entry_b
D:7:      layout_loops_ring, minmay_crystal_room, kennysheep_cluttered_room,
          minmay_strange_pillars, grunt_ministairs_2, kennysheep_generic_room_12
D:8:      layout_basic, enter_bailey_3, serial_aquarium,
          aquarium_bridge_long_joined [aquarium_subvault_bridge,
          aquarium_subvault_window, aquarium_subvault_wall,
          aquarium_subvault_bridge, aquarium_subvault_window,
          aquarium_subvault_bridge], aquarium_bridge_square
          [aquarium_subvault_wall, aquarium_subvault_bridge,
          aquarium_subvault_bridge, aquarium_subvault_bridge],
          aquarium_window_3, aquarium_window_2, aquarium_window_1,
          aquarium_view_2d, aquarium_view_2e, minmay_radiant, uniq_amaemon
D:9:      layout_roguey, amethyst_overflow_temple_binary, serial_shops,
          nicolae_shop_hallway_plus, uniq_erica, uniq_maggie
D:10:     layout_loops_corners, orc_david_3, uniq_lodul
D:11:     layout_loops_corners, minmay_lair_entry_grove, serial_aquarium,
          aquarium_bridge_square [aquarium_subvault_wall,
          aquarium_subvault_window, aquarium_subvault_bridge,
          aquarium_subvault_window], aquarium_bridge_square
          [aquarium_subvault_wall, aquarium_subvault_balcony,
          aquarium_subvault_bridge, aquarium_subvault_bridge],
          aquarium_window_fake, aquarium_window_1, aquarium_window_fake,
          aquarium_window_fake, aquarium_view_2a, aquarium_view_2c, uniq_harold,
          uniq_nergalle
D:12:     layout_roguey, uniq_frances
D:13:     layout_rooms, grunt_vaults_entry_fortified,
          portal_ice_cave_entry_ice_simulacra, uniq_snorg
D:14:     layout_loops_corners, chequers_serial_rivers_room_b
D:15:     gammafunk_depths_entry_grave, layout_loops_corners, serial_shops,
          shop, uniq_jorgrun
Temple:   minmay_freezing_vapour_temple
Lair:1:   layout_concentric_octagons
Lair:2:   layout_gridlike, gammafunk_ghost_hive
Lair:3:   layout_small_grid, nicolae_swamp_entry_splash_gauntlet,
          minmay_snake_entry_guardpost_medium, maelrawn_ghost_gauntlet_escape,
          uniq_josephine
Lair:4:   layout_cellular_growth, beast_lair_carwin_8, grunt_megastairs_5,
          uniq_nessos
Lair:5:   cheibrodos_lair_end_hotspot, layout_long_grid, slime_entry_1,
          lemuel_fruit_fields
Orc:1:    layout_caves, serial_shops, shop_statue, nicolae_shop_clearance
Orc:2:    st_orc_elflike, layout_diamond_mine

Skill      XL: |  1  2  3  4  5  6  7  8  9 10 11 12 13 14 15 16 |
---------------+-------------------------------------------------+-----
Poison Magic   | 4 5 6 7 8 |  8.0
Spellcasting   | 3 4 5 6 7 8 12 14 15 16 | 16.3
Fighting       | 2 5 6 8 10 12 | 12.0
Fire Magic     | 2 3 5 6 8 |  8.0
Dodging        | 3 5 6 8 14 15 | 15.0
Transmutations | 6 8 |  8.0
Earth Magic    | 5 8 |  8.0
Shields        | 8 |  8.0
Stealth        | |  2.6

Action                   |  1- 3 |  4- 6 |  7- 9 | 10-12 | 13-15 | 16-18 || total
-------------------------+-------+-------+-------+-------+-------+-------++-------
Melee: Spear             |    41 |    71 |    75 |    86 |   452 |   170 ||   895
       Constrict         |     8 |    18 |    15 |    21 |    59 |    19 ||   140
       Tentacles         |     8 |    12 |    15 |    30 |   178 |    63 ||   306
       Punch             |       |     1 |     2 |     4 |     3 |     4 ||    14
 Cast: Sting             |     3 |       |     3 |    26 |       |     1 ||    33
       Poisonous Vapours |    22 |    55 |    39 |    78 |    72 |    13 ||   279
       Olgreb's Toxic Ra |       |       |    22 |    42 |    60 |    11 ||   135
       Ignite Poison     |       |       |    13 |    77 |   110 |    35 ||   235
       Conjure Flame     |       |       |     3 |    10 |     7 |       ||    20
       Mephitic Cloud    |       |       |       |    16 |     9 |     3 ||    28
       Inner Flame       |       |       |       |       |     5 |       ||     5
       Eringya's Noxious |       |       |       |       |    15 |     7 ||    22
       Statue Form       |       |       |       |       |    32 |    26 ||    58
       Flame Wave        |       |       |       |       |     1 |       ||     1
Invok: Call Merchant     |       |       |       |       |     4 |       ||     4
Evoke: Wand              |       |       |       |     2 |       |       ||     2
  Use: Potion            |       |     1 |       |     4 |     5 |       ||    10
       Scroll            |       |       |     1 |    11 |    14 |       ||    26
 Stab: Sleeping          |     7 |    10 |       |     1 |     8 |     1 ||    27
       Distracted        |       |     1 |       |     3 |     3 |     2 ||     9
Armor: Skin              |     1 |     2 |     5 |       |   178 |   112 ||   298
Dodge: Dodged            |    23 |    34 |    49 |    77 |   463 |   255 ||   901
Block: Kite shield       |       |       |       |       |   185 |   225 ||   410
